 Dungeon Crawl Stone Soup version 0.26.0-10-g1f06aea511 (webtiles) character file.

Game seed: 13465568046909686327

1057 Gauvater the Bolt Thrower (level 8, -1/64 HPs)
             Began as a Formicid Fighter on Jan 14, 2021.
             Was a Follower of Zin.
             Slain by an orc warrior
             ... wielding a +0 dire flail
              (10 damage)
             ... on level 7 of the Dungeon.
             The game lasted 00:28:35 (6284 turns).

Gauvater the Bolt Thrower (Formicid Fighter)        Turns: 6284, Time: 00:28:35

Health: -1/64      AC:  7    Str: 23    XL:     8   Next: 51%
Magic:  17/17      EV:  8    Int:  8    God:    Zin [*.....]
Gold:   297        SH: 10    Dex: 10    Spells: 7/7 levels left

rFire    . . .     SeeInvis +   a - +0 war axe
rCold    . . .     Faith    .   c - +0 kite shield
rNeg     . . .     Spirit   .   b - +0 scale mail
rPois    .         Reflect  .   (helmet unavailable)
rElec    .         Harm     .   (no cloak)
rCorr    .         Rampage  .   (no gloves)
Will     .....                  (no boots)
Stlth    ..........             (no amulet)
HPRegen  0.20/turn              f - ring of magical power
MPRegen  0.15/turn              (no ring)

@: mighty
A: permanent stasis, dig shafts and tunnels, four strong arms, antennae 3
a: Dig, Shaft Self, Renounce Religion, Recite, Donate Gold


You were on level 7 of the Dungeon.
You worshipped Zin.
Zin was aware of your devotion.
You visited 2 branches of the dungeon, and saw 8 of its levels.

You collected 329 gold pieces.
You donated 32 gold pieces to Zin.

Inventory:

Hand Weapons
 a - a +0 war axe (weapon)
 s - a +0 arbalest
 E - the +6 whip of Disintegration {flame, rC+ Dex+4, unknown}
   (You found it on level 5 of the Dungeon)

   It has been specially enchanted to burn those struck by it, causing extra
   injury to most foes and up to half again as much damage against particularly
   susceptible opponents.
   It affects your dexterity (+4).
   It protects you from cold.
 M - a +0 great mace
Missiles
 g - 47 arrows
 l - 59 bolts
 B - 7 poisoned darts
 G - 7 silver javelins
 I - 3 javelins
 N - 6 atropa-tipped darts
Armour
 b - a +0 scale mail (worn)
 c - a +0 kite shield (worn)
Jewellery
 f - a ring of magical power (left hand)
 u - an uncursed ring of poison resistance {unknown}
 v - a +6 ring of strength {unknown}
 D - an uncursed amulet of faith {unknown}
 H - an uncursed ring of resist corrosion {unknown}
 J - an uncursed ring of willpower {unknown}
 K - an uncursed ring of resist corrosion {unknown}
 O - an uncursed ring of fire {unknown}
Wands
 F - a wand of disintegration (13)
Scrolls
 h - 4 scrolls of amnesia
 k - a scroll of immolation
 p - a scroll of fear
 t - 3 scrolls of fog
 A - a scroll of magic mapping
Potions
 e - 2 potions of ambrosia
 m - a potion of magic {unknown}
 q - 4 potions of curing
 r - 2 potions of mutation
 w - a potion of cancellation {unknown}
 x - a potion of degeneration {unknown}
 C - a potion of lignification {unknown}


   Skills:
 + Level 5.7 Fighting
 * Level 3.9 Axes
 * Level 6.4 Crossbows
 + Level 4.5 Armour
 + Level 0.6 Dodging
 + Level 0.3 Stealth
 + Level 4.4 Shields
 + Level 0.1 Invocations


You had 7 spell levels left.
You didn't know any spells.
Your spell library was empty.

Dungeon Overview and Level Annotations

Branches:
Dungeon (7/15)             Temple (1/1) D:6

Altars:
Ashenzari
Cheibriados
Dithmenos
Elyvilon
Fedhas
Kikubaaqudgha
Makhleb
Nemelex Xobeh
Ru
Trog
Wu Jian
Yredelemnul
Zin

Shops:
D:5 [


Innate Abilities, Weirdness & Mutations

You cannot be hasted, slowed, berserked, paralysed or teleported.
You can dig through walls and to a lower floor.
Your four strong arms can wield two-handed weapons with a shield.
You have a pair of large antennae on your head. (SInv)


Message History

Unknown command.
You hit the orc warrior.
The orc warrior is severely wounded.
The orc warrior barely misses you. You block the orc warrior's attack.
You hit the orc warrior.
The orc warrior is severely wounded.
You block the orc warrior's attack.
You closely miss the orc warrior.
The orc warrior is severely wounded.
You block the orc warrior's attack.
The orc priest mumbles some strange prayers to Beogh against you.
Beogh smites you!
* * * LOW HITPOINT WARNING * * *
You barely miss the orc warrior.
The orc warrior is severely wounded.
The orc warrior hits you with a +0 dire flail!
* * * LOW HITPOINT WARNING * * *
You feel very mighty all of a sudden.
The orc warrior hits you with a +0 dire flail!
You die...

..... ..... ....
... .. ####.
.o...#############
#....(..oooo@#
#####.############
...##.# ##.##†#
......# ##.####
#.# #.# .#.#


You could see an orc warrior, an orc priest and 2 orcs.

Vanquished Creatures
  2 ogres
  2 centaurs (D:5)
  A gnoll sergeant (D:6)
  A scorpion (D:6)
  2 jellies
  A hound (D:5)
  2 orc priests (D:4)
  An iguana (D:5)
  An orc wizard (D:4)
  Natasha (thrice) (D:4)
  2 worker ants
  A worker ant zombie (D:6)
  5 adders
  7 gnolls (D:6)
  2 shadow imps
  3 white imps (D:5)
  An adder zombie (D:6)
  An ooze (D:4)
  An adder skeleton (D:4)
  7 worms
  2 dart slugs
  2 leopard geckos
  8 orcs
  6 giant cockroaches
  8 goblins
  10 hobgoblins
  7 jackals
  10 kobolds
  2 ball pythons
  9 bats
  A frilled lizard (D:1)
  4 rats
115 creatures vanquished.

Vanquished Creatures (others)
  A human (D:5)
1 creature vanquished.

Grand Total: 116 creatures vanquished

Notes
Turn   | Place    | Note
-------+----------+-------------------------------------------
     0 | D:1      | Gauvater the Formicid Fighter began the quest for the Orb.
     0 | D:1      | Reached XP level 1. HP: 18/18 MP: 1/1
   247 | D:1      | Reached XP level 2. HP: 24/24 MP: 2/2
  1143 | D:2      | Reached XP level 3. HP: 29/30 MP: 3/3
  1603 | D:2      | Reached XP level 4. HP: 37/37 MP: 4/4
  2273 | D:3      | Reached skill level 1 in Crossbows
  2280 | D:3      | Reached XP level 5. HP: 42/42 MP: 5/5
  2735 | D:4      | Reached skill level 2 in Crossbows
  3001 | D:4      | Noticed Natasha
  3011 | D:4      | Killed Natasha
  3012 | D:4      | Reached XP level 6. HP: 35/49 MP: 6/6
  3158 | D:4      | Reached skill level 3 in Crossbows
  3437 | D:4      | Noticed Natasha
  3441 | D:4      | Killed Natasha
  3594 | D:4      | Noticed Natasha
  3598 | D:4      | Killed Natasha
  3777 | D:4      | Reached skill level 4 in Crossbows
  3839 | D:5      | Entered Level 5 of the Dungeon
  3843 | D:5      | Reached XP level 7. HP: 55/55 MP: 7/7
  4066 | D:5      | Reached skill level 5 in Crossbows
  4245 | D:5      | Found an ancient bone altar of Kikubaaqudgha.
  4249 | D:5      | Got a polished whip
  4313 | D:5      | Found Raqoeraa's Antique Armour Boutique.
  4339 | D:5      | Noticed a human
  4340 | D:5      | Killed a human
  4431 | D:5      | Reached skill level 5 in Fighting
  4668 | D:6      | Reached XP level 8. HP: 62/62 MP: 8/8
  5147 | D:6      | Reached skill level 6 in Crossbows
  5190 | D:6      | Found a staircase to the Ecumenical Temple.
  5199 | Temple   | Entered the Ecumenical Temple
  5245 | Temple   | Became a worshipper of Zin the Law-Giver
  5245 | Temple   | Reached * piety under Zin
  6284 | D:7      | Slain by an orc warrior

Illustrated notes

Levels and vault maps discovered:
D:1:      erik_arrival_triangle_medium, layout_basic, serial_co_window_serial,
          co_window_corner_a, co_window_of_opportunity_a, co_window_corner_a,
          co_window_paths_a, co_window_paths_b, co_window_corner_a,
          co_window_corner_a, co_window_broadway_b, co_window_unsneaky_path_a,
          co_window_2corner, co_window_2corner, co_window_cross_3,
          co_window_of_opportunity_b, co_window_broadway_a, glass_columns_c,
          glass_columns_c, glass_columns_b, nrook_mini_backslash
D:2:      layout_loops_ring, kennysheep_generic_room_4
D:3:      layout_basic
D:4:      layout_cave_pods, uniq_natasha
D:5:      layout_rooms, serial_shops, kennysheep_mini_moat, tgw_kikubaaqudgha
D:6:      kb_forest_paths, layout_basic, temple_fountains
D:7:      layout_basic, serial_shops, nicolae_shop_window_shopping, shop_statue,
          nicolae_shop_statue_plus, nicolae_shop_temple_entry_statues_fountains,
          shop
Temple:   nicolae_temple_hex_pool

Skill      XL: |  1  2  3  4  5  6  7  8 |
---------------+-------------------------+-----
Shields        | 4 |  4.4
Fighting       | 4 5 |  5.7
Crossbows      | 1 2 4 5 6 |  6.4
Armour         | 4 |  4.5
Axes           | 3 |  3.9
Dodging        | |  0.6
Stealth        | |  0.3
Invocations    | |  0.1

Action                   |  1- 3 |  4- 6 |  7- 9 || total
-------------------------+-------+-------+-------++-------
Melee: War axe           |    88 |    24 |    35 ||   147
 Fire: Arbalest          |       |   119 |    69 ||   188
Invok: Recite            |       |       |     1 ||     1
 Abil: Dig               |     3 |     4 |     5 ||    12
  Use: Scroll            |       |       |    13 ||    13
       Potion            |       |       |     1 ||     1
Armor: Scale mail        |    40 |    36 |    18 ||    94
Dodge: Dodged            |    35 |    34 |    28 ||    97
Block: Kite shield       |    42 |    42 |    50 ||   134
